 Dungeon Crawl Stone Soup version 0.27.1-1-g398f81649c (webtiles) character file.

Game seed: 7120627931958764936

1443 chaosape the Chopper (level 8, 0/67 HPs)
             Began as a Gnoll Wanderer on Sept 6, 2021.
             Slain by a black bear (3 damage)
             ... on level 6 of the Dungeon.
             The game lasted 00:21:08 (5326 turns).

chaosape the Chopper (Gnoll Wanderer)               Turns: 5326, Time: 00:21:09

Health: 0/67       AC: 15    Str: 13    XL:     8   Next: 74%
Magic:  0/4        EV:  7    Int: 18    God:
Gold:   253        SH:  0    Dex: 13    Spells: 14/14 levels left

rFire    . . .     SeeInvis .   e - +11 spear "Catedene" {antimagic, Int+7}
rCold    . . .     Faith    .   (no shield)
rNeg     . . .     Spirit   +   o - +0 chain mail
rPois    .         Reflect  .   z - +2 hat {Will+}
rElec    .         Harm     .   (no cloak)
rCorr    .         Rampage  .   (no gloves)
Will     +....                  (no boots)
Stlth    ..........             y - amulet of guardian spirit
HPRegen  0.21/turn              k - +4 ring of protection
MPRegen  0.09/turn              (no ring)

@: about to teleport
A: fangs 1, strong nose, distributed training
a: no special abilities


You were on level 6 of the Dungeon.
You visited 1 branch of the dungeon, and saw 6 of its levels.

You collected 253 gold pieces.

Inventory:

Hand Weapons
 a - a +2 hand axe
 e - the +11 spear "Catedene" (weapon) {antimagic, Int+7}
   (You found it on level 4 of the Dungeon)

   It reduces the magical energy of the wielder, and disrupts the spells and
   magical abilities of those it strikes.
   Natural abilities and divine invocations are not affected.
   Int:       It affects your intelligence (+7).
 f - a +0 dagger of protection
 l - a +2 hand axe of freezing
 p - a +0 dagger of venom
 u - a +0 shortbow
 w - the +9 long sword of the Big Bang {speed, +Rage Str-5 Stlth+}
   (You found it on level 5 of the Dungeon)

   Attacks with this weapon are significantly faster.
   Str:       It affects your strength (-5).
   +Rage:     It lets you go berserk.
   Stlth:     It makes you more stealthy.
 x - a +1 whip of pain
 A - the +3 broad axe "Daunuef" {holy, MP+9}
   (You found it on level 6 of the Dungeon)

   It has been blessed by the Shining One to cause great damage to the undead
   and demons.
   MP:        It affects your magic capacity (+9).
Missiles
 i - 72 sling bullets
 r - 21 boomerangs (quivered)
 v - 31 arrows
Armour
 d - a +0 robe
 g - a +0 ring mail
 o - a +0 chain mail (worn)
 t - a +0 chain mail
 z - a +2 hat of willpower (worn)
Jewellery
 k - a +4 ring of protection (left hand)
 y - an amulet of guardian spirit (around neck)
Scrolls
 q - a scroll of teleportation
 s - a scroll of holy word
Potions
 b - a potion of curing
 c - a potion of brilliance {unknown}
 h - a potion of cancellation {unknown}
 j - 2 potions of invisibility {unknown}
 m - 2 potions of haste {unknown}
 n - a potion of degeneration {unknown}


   Skills:
 + Level 7.5 Fighting
 + Level 3.5 Short Blades
 + Level 3.5 Long Blades
 + Level 7.5 Axes
 + Level 3.5 Maces & Flails
 + Level 3.5 Polearms
 + Level 3.5 Staves
 + Level 3.5 Slings
 + Level 3.5 Bows
 + Level 3.5 Crossbows
 + Level 3.5 Throwing
 + Level 4.4 Armour
 + Level 4.4 Dodging
 + Level 4.3 Stealth
 + Level 4.4 Shields
 + Level 3.5 Unarmed Combat
 + Level 3.5 Spellcasting
 + Level 2.9 Conjurations
 + Level 2.9 Hexes
 + Level 2.9 Summonings
 + Level 2.9 Necromancy
 + Level 2.9 Translocations
 + Level 2.9 Transmutations
 + Level 2.9 Fire Magic
 + Level 2.9 Ice Magic
 + Level 2.9 Air Magic
 + Level 2.9 Earth Magic
 + Level 2.9 Poison Magic
 + Level 3.9 Invocations
 + Level 3.5 Evocations


You had 14 spell levels left.
You didn't know any spells.
Your spell library was empty.

Dungeon Overview and Level Annotations

Branches:
Dungeon (6/15)             Temple (0/1) D:4

Altars:
Cheibriados
Dithmenos
Makhleb
Sif Muna
Trog
Yredelemnul

Shops:
D:1 =   D:5 *

Annotations:
D:3 1 runed translucent door, Crazy Yiuf


Innate Abilities, Weirdness & Mutations

You have very sharp teeth.
Your uncanny sense of smell can sniff out nearby items.
Your experience applies equally to all skills.


Message History

The gnoll barely misses you.
You hit the ice beast.
The ice beast is lightly wounded.
The ice beast hits you but does no damage.
The gnoll hits you from afar with a +0 halberd.
Your chain mail prevents you from hitting the ice beast.
The ice beast is lightly wounded.
The ice beast hits you. The ice beast freezes you!
* * * LOW HITPOINT WARNING * * *
The gnoll closely misses you.
You feel better.
The ice beast hits you but does no damage.
The gnoll hits you from afar with a +0 halberd!
* * * LOW HITPOINT WARNING * * *
As you read the scroll of teleportation, it crumbles to dust.
You feel strangely unstable.
The ice beast hits you but does no damage.
The gnoll hits you from afar with a +0 halberd.
* * * LOW HITPOINT WARNING * * *
Your surroundings suddenly seem different.
A black bear comes into view.
Found a club, a rapier and a quarterstaff.
The black bear growls angrily.
You hear a shout!
A centaur comes into view.
The centaur wields a +0 shortbow.
The centaur shoots an arrow.
The arrow hits you.
* * * LOW HITPOINT WARNING * * *
The centaur shoots an arrow.
The arrow hits you.
* * * LOW HITPOINT WARNING * * *
The black bear barely misses you.
The black bear claws you but does no damage.
The black bear claws you.
* * * LOW HITPOINT WARNING * * *
The centaur shoots an arrow.
The arrow hits you.
* * * LOW HITPOINT WARNING * * *
As you read the scroll of teleportation, it crumbles to dust.
You feel strangely unstable. The black bear bites you.
* * * LOW HITPOINT WARNING * * *
The black bear claws you.
You die...

############
...........###
.............#
.........#
.........##
)....c....##
........#h.##
.#...)....@.#
########.....#
###)...# #####


You could see a black bear and a centaur.

Vanquished Creatures
  Grinder (D:3)
  A water moccasin (D:4)
  A sky beast (D:5)
  2 ogres (D:5)
  2 centaurs (D:5)
  A scorpion (D:5)
  2 howler monkeys
  A centaur zombie (D:5)
  2 jellies
  5 hounds
  A gnoll shaman (D:6)
  Terence (D:3)
  An iguana (D:5)
  An orc wizard (D:5)
  A killer bee zombie (D:6)
  A hound skeleton (D:5)
  8 adders
  2 gnolls (D:6)
  A white imp (D:5)
  2 ufetubi
  An adder skeleton (D:4)
  2 worms
  5 dart slugs
  14 orcs
  3 endoplasms
  2 giant cockroaches
  6 goblins
  4 hobgoblins
  7 jackals (D:1)
  5 kobolds
  4 quokkas
  11 ball pythons
  6 bats
  5 frilled lizards
  5 rats
117 creatures vanquished.

Vanquished Creatures (others)
  4 fungi (D:3)
  A plant (D:2)
5 creatures vanquished.

Grand Total: 122 creatures vanquished

Notes
Turn   | Place    | Note
-------+----------+-------------------------------------------
     0 | D:1      | chaosape the Gnoll Wanderer began the quest for the Orb.
     0 | D:1      | chaosape set off with the following items: a +2 hand axe, a
                  | potion of curing, a potion of lignification, a +0 robe
     0 | D:1      | Reached XP level 1. HP: 23/23 MP: 1/1
    51 | D:1      | Found Apegg's Jewellery Boutique.
    77 | D:1      | Reached XP level 2. HP: 29/29 MP: 2/2
   267 | D:1      | Reached XP level 3. HP: 21/35 MP: 3/3
   759 | D:1      | Found a faded altar of an unknown god.
   971 | D:2      | Reached skill level 1 in Invocations
   986 | D:2      | You fall into a shaft and drop 1 floor!
  1080 | D:2      | Reached skill level 1 in Short Blades
  1080 | D:2      | Reached skill level 1 in Long Blades
  1080 | D:2      | Reached skill level 1 in Maces & Flails
  1080 | D:2      | Reached skill level 1 in Polearms
  1080 | D:2      | Reached skill level 1 in Staves
  1080 | D:2      | Reached skill level 1 in Slings
  1080 | D:2      | Reached skill level 1 in Bows
  1080 | D:2      | Reached skill level 1 in Crossbows
  1080 | D:2      | Reached skill level 1 in Throwing
  1080 | D:2      | Reached skill level 1 in Unarmed Combat
  1080 | D:2      | Reached skill level 1 in Spellcasting
  1080 | D:2      | Reached skill level 1 in Evocations
  1154 | D:2      | Reached XP level 4. HP: 33/41 MP: 5/5
  1582 | D:3      | Noticed Terence
  1615 | D:3      | Killed Terence
  1616 | D:3      | Reached skill level 1 in Conjurations
  1616 | D:3      | Reached skill level 1 in Hexes
  1616 | D:3      | Reached skill level 1 in Summonings
  1616 | D:3      | Reached skill level 1 in Necromancy
  1616 | D:3      | Reached skill level 1 in Translocations
  1616 | D:3      | Reached skill level 1 in Transmutations
  1616 | D:3      | Reached skill level 1 in Fire Magic
  1616 | D:3      | Reached skill level 1 in Ice Magic
  1616 | D:3      | Reached skill level 1 in Air Magic
  1616 | D:3      | Reached skill level 1 in Earth Magic
  1616 | D:3      | Reached skill level 1 in Poison Magic
  1773 | D:3      | Reached XP level 5. HP: 39/47 MP: 6/6
  2050 | D:3      | Noticed Grinder
  2071 | D:3      | Paralysed by Grinder for 5 turns
  2081 | D:3      | Killed Grinder
  2082 | D:3      | Reached XP level 6. HP: 27/53 MP: 7/9
  2574 | D:3      | Found a shadowy altar of Dithmenos.
  2575 | D:3      | Found a burning altar of Makhleb.
  2575 | D:3      | Found a bloodstained altar of Trog.
  2576 | D:3      | Found a shimmering blue altar of Sif Muna.
  2826 | D:3      | Found a runed translucent door.
  2827 | D:3      | Noticed Crazy Yiuf
  3214 | D:4      | Identified the +11 spear "Catedene" {antimagic, Int+7}
  3229 | D:4      | Found a snail-covered altar of Cheibriados.
  3277 | D:4      | Noticed a water moccasin
  3293 | D:4      | Killed a water moccasin
  3294 | D:4      | Reached XP level 7. HP: 36/60 MP: 3/10
  3428 | D:4      | Found a staircase to the Ecumenical Temple.
  3456 | D:4      | Found a basalt altar of Yredelemnul.
  3895 | D:5      | Entered Level 5 of the Dungeon
  4192 | D:5      | Reached XP level 8. HP: 67/67 MP: 4/12
  4768 | D:5      | Found Omial's General Store.
  4978 | D:5      | Identified the +9 long sword of the Big Bang {speed, +Rage
                  | Str-5 Stlth+}
  5224 | D:6      | Identified the +3 broad axe "Daunuef" {holy, MP+9}
  5325 | D:6      | HP: 3/67 [centaur/arrow (5)]
  5326 | D:6      | Slain by a black bear

Illustrated notes

Levels and vault maps discovered:
D:1:      lemuel_arrival_hallway, layout_basic, serial_shops, shop,
          ebering_ecumenical_altar_hall
D:2:      layout_rooms, serial_bayou_ford_a,
          hangedman_abyss_or_decor_lesser_grid
D:3:      layout_rooms, chequers_temple_overflow_statue_of_worship,
          uniq_crazy_yiuf_cottage, uniq_grinder, uniq_terence
D:4:      layout_basic, nicolae_overflow_crystal_walls,
          overflow_temple_1_default, temple_pool_b
D:5:      layout_loops_ring, serial_shops, nicolae_shop_window_shopping,
          minmay_misc_feat_pillars
D:6:      kennysheep_six_static_rooms, layout_rooms, kennysheep_mini_moat,
          nicolae_underground_beach

Skill      XL: |  1  2  3  4  5  6  7  8 |
---------------+-------------------------+-----
Invocations    | 1 2 3 |  3.9
Short Blades   | 1 2 3 |  3.5
Long Blades    | 1 2 3 |  3.5
Maces & Flails | 1 2 3 |  3.5
Polearms       | 1 2 3 |  3.5
Staves         | 1 2 3 |  3.5
Slings         | 1 2 3 |  3.5
Bows           | 1 2 3 |  3.5
Crossbows      | 1 2 3 |  3.5
Throwing       | 1 2 3 |  3.5
Unarmed Combat | 1 2 3 |  3.5
Spellcasting   | 1 2 3 |  3.5
Evocations     | 1 2 3 |  3.5
Conjurations   | 1 2 |  2.9
Hexes          | 1 2 |  2.9
Summonings     | 1 2 |  2.9
Necromancy     | 1 2 |  2.9
Translocations | 1 2 |  2.9
Transmutations | 1 2 |  2.9
Fire Magic     | 1 2 |  2.9
Ice Magic      | 1 2 |  2.9
Air Magic      | 1 2 |  2.9
Earth Magic    | 1 2 |  2.9
Poison Magic   | 1 2 |  2.9
Armour         | 3 4 |  4.4
Dodging        | 3 4 |  4.4
Stealth        | 3 4 |  4.3
Shields        | 3 4 |  4.4
Fighting       | 7 |  7.5
Axes           | 7 |  7.5

Action                   |  1- 3 |  4- 6 |  7- 9 || total
-------------------------+-------+-------+-------++-------
Melee: Hand axe          |    85 |   136 |       ||   221
       Bite              |     4 |    15 |    12 ||    31
       Spear             |       |    17 |   136 ||   153
Throw: Boomerang         |       |       |     1 ||     1
  Use: Potion            |       |     1 |     1 ||     2
       Scroll            |       |     3 |     3 ||     6
 Stab: Sleeping          |     2 |     1 |       ||     3
Armor: Robe              |     9 |       |       ||     9
       Ring mail         |     9 |     8 |       ||    17
       Chain mail        |       |    59 |    74 ||   133
       Skin              |       |    11 |       ||    11
Dodge: Dodged            |    55 |    48 |    52 ||   155
